 Dungeon Crawl Stone Soup version 0.22-a0-402-ga933591 (webtiles) character file.

171 George the Slasher (level 5, -1/46 HPs)
             Began as a Minotaur Fighter on May 6, 2018.
             Was an Initiate of the Shining One.
             Slain by an orc warrior
             ... wielding a +0 short sword of speed
              (10 damage)
             ... on level 3 of the Dungeon.
             The game lasted 00:03:23 (2399 turns).

George the Slasher (Minotaur Fighter)               Turns: 2399, Time: 00:03:24

Health: -1/46      AC: 11    Str: 26    XL:     5   Next: 26%
Magic:  4/4        EV:  5    Int:  5    God:    the Shining One [......]
Gold:   170        SH: 10    Dex: 10    Spells: 4/4 levels left

rFire    . . .     SeeInvis .   a - +0 long sword
rCold    . . .     Gourm    .   c - +0 shield
rNeg     . . .     Faith    .   h - +0 plate armour (curse)
rPois    .         Spirit   .   (helmet restricted)
rElec    .         Reflect  .   (no cloak)
rCorr    .         Harm     .   (no gloves)
MR       .....                  (no boots)
Stlth    ..........             (no amulet)
HPRegen  0.15/turn              r - ring of wizardry
MPRegen  0.09/turn              (no ring)

@: mighty, glowing
A: retaliatory headbutt, horns 2
a: Renounce Religion


You were on level 3 of the Dungeon.
You worshipped the Shining One.
The Shining One was noncommittal.
You were not hungry.

You visited 1 branch of the dungeon, and saw 4 of its levels.

You collected 170 gold pieces.

Inventory:

Hand Weapons
 a - a +0 long sword (weapon)
Armour
 c - a +0 shield (worn)
 h - a cursed +0 plate armour (worn)
Jewellery
 r - a ring of wizardry (left hand)
Scrolls
 b - a scroll of identify {unknown}
 e - 2 scrolls of remove curse {unknown}
 l - a scroll of blinking {unknown}
 m - 3 scrolls of fog {unknown}
 o - a scroll of teleportation {unknown}
 p - a scroll of magic mapping {unknown}
 q - a scroll of immolation {unknown}
Potions
 g - a potion of agility {unknown}
 i - a potion of heal wounds {unknown}
 j - a potion of berserk rage {unknown}
 k - a potion of invisibility {unknown}
Comestibles
 f - 6 rations


   Skills:
 + Level 4.1 Fighting
 + Level 5.5 Long Blades
 + Level 4.0 Armour
 + Level 1.1 Dodging
 + Level 4.1 Shields
 + Level 0.2 Invocations


You had 4 spell levels left.
You didn't know any spells.

Dungeon Overview and Level Annotations

Branches:
Dungeon (4/15)
 Temple: D:4-7

Altars:
Fedhas
Gozag
Qazlal
Zin
The Shining One


Innate Abilities, Weirdness & Mutations

You reflexively headbutt those who attack you in melee.
You have a pair of horns on your head.


Message History

You block the orc warrior's attack.
Your shield and plate armour prevent you from hitting the orc warrior.
Your headbutt misses the orc warrior.
The orc warrior is moderately wounded.
The orc warrior hits you but does no damage.
You slash the orc warrior!
The orc warrior is severely wounded.
The orc warrior hits you but does no damage.
Your plate armour prevents you from hitting the orc warrior.
Your headbutt misses the orc warrior.
The orc warrior is severely wounded.
The orc warrior hits you but does no damage. x2
You closely miss the orc warrior.
The orc warrior is severely wounded.
You block the orc warrior's attack.
You hit the orc warrior.
The orc warrior is almost dead.
You block the orc warrior's attack.
The orc warrior hits you with a short sword of speed!
You die...

##### #...# ###...#
#...<.############
############.#...#..........#
.................#..........#
######..........@#..........#
###........./...(o.).......>#
.).................(........#
............................#
....####....)....#..........#
...## ##....#...##..........#
....# #..#..##..###..########
###.###.....###.###.##
##.........## #..##.#


You could see an orc warrior.

Vanquished Creatures
  A worker ant (D:2)
  Robin (D:2)
  5 adders
  2 oozes (D:3)
  2 worms (D:2)
  A dart slug (D:1)
  A leopard gecko (D:3)
  An orc (D:3)
  3 giant cockroaches
  15 goblins
  10 hobgoblins
  6 jackals
  A ball python (D:3)
  2 bats
  2 frilled lizards (D:2)
  10 kobolds
  9 rats
72 creatures vanquished.

Notes
Turn   | Place    | Note
-------+----------+-------------------------------------------
     0 | D:1      | George the Minotaur Fighter began the quest for the Orb.
     0 | D:1      | Reached XP level 1. HP: 19/19 MP: 0/0
    85 | D:1      | Reached skill level 3 in Long Blades
   279 | D:1      | Reached XP level 2. HP: 26/26 MP: 1/1
   848 | D:2      | Reached skill level 4 in Long Blades
   856 | D:2      | Found an opulent altar of Gozag.
   860 | D:2      | Found a stormy altar of Qazlal.
   894 | D:2      | Reached XP level 3. HP: 21/31 MP: 2/2
   923 | D:2      | Noticed Robin
  1150 | D:2      | Killed Robin
  1160 | D:1      | Reached skill level 5 in Long Blades
  1502 | D:2      | Reached XP level 4. HP: 36/39 MP: 3/3
  1679 | D:2      | Found a glowing silver altar of Zin.
  1772 | D:3      | Found a glowing golden altar of the Shining One.
  1783 | D:3      | Reached skill level 1 in Dodging
  1799 | D:3      | Became a worshipper of the Shining One
  1799 | D:3      | Reached XP level 5. HP: 36/46 MP: 4/4
  2347 | D:4      | Found a blossoming altar of Fedhas.
  2357 | D:4      | Noticed an orc warrior
  2399 | D:3      | Slain by an orc warrior

Vault maps used:
D:1:      nagdon_arrival_double_spiral
D:2:      marbit_many_paths, chequers_temple_overflow_statue_of_worship,
          uniq_robin
D:3:      overflow_temple_1_default, minmay_misc_feat_square
D:4:      kennysheep_little_box, fedhas_altar_2

Skill      XL: |  1  2  3  4  5 |
---------------+----------------+-----
Long Blades    | 3 4 5 |  5.5
Dodging        | 1 |  1.1
Fighting       | 4 |  4.1
Armour         | 4 |  4.0
Shields        | 4 |  4.1
Invocations    | |  0.2

Action                   |  1- 3 |  4- 6 || total
-------------------------+-------+-------++-------
Melee: Long sword        |   138 |   108 ||   246
       Headbutt          |    15 |    18 ||    33
  Use: Potion            |       |     1 ||     1
  Eat: Chunk             |     2 |     3 ||     5
Armor: Plate armour      |    94 |    72 ||   166
       Scale mail        |     4 |       ||     4
Dodge: Dodged            |    22 |    19 ||    41
Block: Shield            |    65 |    47 ||   112
       Rpst.: Long sword |     7 |     6 ||    13

Table legend:
 A = Spawn XP
 B = Non-spawn XP
 C = Spawn XP percentage of total XP
 D = Spawn monster count
 E = Non-spawn monster count
 F = Spawn count percentage of total count
 G = Total turns spent on level
                    A         B        C        D         E        F      G
               +---------+---------+-------+---------+---------+-------+---------
         Total |       0 |     245 |   0.0 |       0 |      72 |   0.0 |  2399
               +---------+---------+-------+---------+---------+-------+---------
           D:1 |       0 |      36 |   0.0 |       0 |      20 |   0.0 |  1327
           D:2 |       0 |     117 |   0.0 |       0 |      32 |   0.0 |   431
           D:3 |       0 |      92 |   0.0 |       0 |      20 |   0.0 |   611
               +---------+---------+-------+---------+---------+-------+---------
